 Dungeon Crawl Stone Soup version 0.32-a0-931-g5a2cda0630 (webtiles) character file.

Game seed: 12762167224352071761

9 Necromancer21 the Firebug (level 2, 0/19 HPs)
             Began as a Demonspawn Fire Elementalist on Apr 13, 2024.
             Constricted to death by a ball python (1 damage)
             ... on level 1 of the Dungeon.
             The game lasted 00:02:53 (301 turns).

Necromancer21 the Firebug (DsFE)                     Turns: 301, Time: 00:02:54

Health: 0/19       AC:  2    Str:  8    XL:     2   Next: 3%
Magic:  0/5        EV:  1    Int: 15    God:
Gold:   0          SH:  0    Dex: 13    Spells: 4/5 levels left

rFire   . . .        (no weapon)
rCold   . . .        (no shield)
rNeg    . . .        a - +0 robe
rPois   .            (no helmet)
rElec   .            (no cloak)
rCorr   .            (no gloves)
SInv    .            (no boots)
Will    .....        (no amulet)
Stlth   ++           (no ring)
HPRegen 0.23/turn    (no ring)
MPRegen 0.09/turn

%: no passive effects
@: constricted
A: powered by pain 1
a: no special abilities


You were on level 1 of the Dungeon.
You visited 1 branch of the dungeon, and saw 1 of its levels.

Inventory:

Armour
 a - a +0 robe (worn)
Potions
 b - a potion of magic
 c - a potion of haste {unknown}


   Skills:
 - Level 1.7 Dodging
 - Level 1.7 Stealth
 + Level 2.2 Spellcasting
 + Level 1.4 Conjurations
 + Level 2.9 Fire Magic


You had 4 spell levels left.
You knew the following spells:

 Your Spells              Type           Power      Damage    Failure   Level
a - Foxfire               Conj/Fire      32%        2x1d5     9%          1

Your spell library contained the following spells:

 Spells                   Type           Power      Damage    Failure   Level
 Scorch                   Fire           20%        2d5       10%         2
 Inner Flame              Hex/Fire       6%         N/A       34%         3
 Volatile Blastmotes      Fire/Tloc      12%        2d11      34%         3
 Flame Wave               Conj/Fire      8%         2d5       65%         4


Dungeon Overview and Level Annotations

Branches:
Dungeon (1/15)

Altars:


Innate Abilities, Weirdness & Mutations

You sometimes gain a little power by taking damage.


Message History

The hobgoblin attacks as it pursues you!
The hobgoblin misses you.
The hobgoblin attacks as it pursues you!
The hobgoblin misses you.
The hobgoblin attacks as it pursues you!
The hobgoblin misses you.
The hobgoblin attacks as it pursues you!
The hobgoblin barely misses you.
Casting: Foxfire (safe; 9% risk of failure)
Press: ? - help, Q - select action Dir - look around, f - activate You conjure some foxfire!
The hobgoblin misses you.
The foxfire hits the hobgoblin.
You kill the hobgoblin!
The foxfire hits the ball python.
The ball python is moderately wounded.
You have reached level 2!
Your demonic ancestry asserts itself...
You feel energised by your suffering.
The ball python attacks as it pursues you!
The ball python closely misses you. x2
You hit the ball python.
The ball python is heavily wounded.
The ball python bites you. The ball python barely misses you.
You closely miss the ball python.
The ball python is heavily wounded.
The ball python bites you. The ball python grabs you.
The ball python constricts you.
* * * LOW HITPOINT WARNING * * *
Casting: Foxfire (safe; 9% risk of failure)
Press: ? - help, Q - select action Dir - look around, f - activate You can't see that place. [a rock wall.]
You conjure some foxfire!
The ball python bites you.
* * * LOW HITPOINT WARNING * * *
The ball python constricts you. The ball python bites you.
* * * LOW HITPOINT WARNING * * *
The ball python constricts you.
You die...

#.. ########## #.#
##........# #.#
##.#.#####.# ######.#
##.###.####.# #.......
#.## ##..##.###.#####)
##.###.#.##.#...#####.
##.#v##...........##.
#...@S.....#...##.##.
#.#v##.#######.##.##.
#...##.# #)......
#.####.# #.......
#.####.# .........
#......# ...>.....
#.....## .........
#####.# ......... #.#
.........


You could see a ball python (ally target).

Vanquished Creatures
  2 endoplasms (D:1)
  A giant cockroach (D:1)
  A hobgoblin (D:1)
  A kobold (D:1)
  A bat (D:1)
  A goblin (D:1)
  A rat (D:1)
8 creatures vanquished.

Vanquished Creatures (others)
  26 foxfires (D:1)
26 creatures vanquished.

Grand Total: 34 creatures vanquished

Notes
Turn   | Place    | Note
-------+----------+-------------------------------------------
     0 | D:1      | Necromancer21 the Demonspawn Fire Elementalist began the
                  | quest for the Orb.
     0 | D:1      | Reached XP level 1. HP: 13/13 MP: 3/3
   198 | D:1      | Found a faded altar of an unknown god.
   294 | D:1      | Gained mutation: You sometimes gain a little power by
                  | taking damage. [demonic ancestry]
   294 | D:1      | Reached XP level 2. HP: 10/19 MP: 0/5
   301 | D:1      | Constricted to death by a ball python

Illustrated notes

Levels and vault maps discovered:
D:1:      zaba_arrival_water, layout_loops_cross,
          ebering_ecumenical_altar_abandoned, nicolae_grassy_gnolls

Action                     || total
---------------------------++-------
  Melee: Unarmed           ||    25
   Cast: Foxfire           ||    19
 Armour: Robe              ||    29
  Dodge: Dodged            ||    34

Table legend: (Time is in decaauts)
 A = Elapsed time spent in this place.
 B = Non-inter-level travel time spent in this place.
 C = Inter-level travel time spent in this place.
 D = Time resting spent in this place.
 E = Time spent auto-exploring this place.
 F = Levels seen in this place.
 G = Mean time per level.
                   A        B        C        D        E       F      G
               +--------+--------+--------+--------+--------+-----+--------+
         Total |    307 |    300 |      7 |     60 |    121 |   1 |  307.0 |
       Dungeon |    307 |    300 |      7 |     60 |    121 |   1 |  307.0 |
               +--------+--------+--------+--------+--------+-----+--------+

Top non-repeatable levels by time:
     D:1: 307 daAuts
